GagarinX, chaotic female orcish Barbarian --- ----- |. |...| |.| ------- ------ |.|.| |<| |..(..|-----------------------------------------------|.....| ..|.| |.| |.....-........%......................................-.....| --|.| |.| |}-------------------------------.-----------------------------}| |.| |.--- |}}}}}}|........|.......(..............|%%%%%%%-.-)[.)...|}}}}}}----|.| |...| |.....}|........|..........|...........|%%%%%%%|(|[......|}.....%..`|.| |--.| |.....}|........|----------|...........|--------%--------|}.....---.|.| |...| |.....#....{....a..........-..........(-.^Ho%^...^...^..^-......|..*|.| |.|.|--...[%}|........|----------|...........|--------|--------|}.....|.---.| |.|.|.......}|.....(..| |...........|*******|%|)).))).|}.....|....$| |.|--.|}}}}}}|........| +...........|*******-.-).)))))|}}}}}}|----.| |.|...|}--------------- ------.-----------------------------}| .| |.|.--|}| | |*|...| | |.---.| |.....| ------- GagarinX the Brigand Experience level: 13 Strength: 18/05 Dexterity: 18 Constitution: 18 Intelligence: 9 Wisdom: 13 Charisma: 8 Health: 121(121) Energy: 30(30) Def: 22 Gold: 99 Moves: 15495 Dungeon seed: q6LEe35qOZc4bjuV Game ID: GagarinX_1498542398 Your Inventory: Coins $ - 99 gold pieces Weapons a - the blessed rustproof +3 Cleaver (weapon in hands) Armor n - a blessed +1 elven cloak (being worn) r - an uncursed +0 plate mail (being worn) N - a blessed +4 Hawaiian shirt named telep_cold_fire_sleep (being worn) V - an uncursed greased +2 pair of speed boots W - an uncursed +0 pair of levitation boots (being worn) X - a blessed +2 elven leather helm (being worn) Z - an uncursed +0 set of gray dragon scales Comestibles U - an uncursed partly eaten lizard corpse Rings A - an uncursed ring of shock resistance (on right hand) R - an uncursed ring of stealth (on left hand) Wands i - an uncursed wand of cancellation (0:4) Tools e - an uncursed oil lamp (0:0) k - an uncursed skeleton key u - a blessed bag of holding v - an uncursed towel L - an uncursed +0 unicorn horn Gems y - an uncursed jade stone z - an uncursed amethyst stone S - 2 uncursed worthless pieces of violet glass Contents of the bag of holding: 1798 gold pieces an uncursed amulet of magical breathing an uncursed +0 cloak of displacement an uncursed +0 cloak of invisibility an uncursed +0 mummy wrapping an uncursed +0 pair of water walking boots an uncursed K-ration an uncursed candy bar an uncursed cream pie 11 uncursed food rations an uncursed lembas wafer 2 uncursed lizard corpses 2 uncursed pears a cursed scroll of amnesia 6 uncursed scrolls of blank paper 2 cursed scrolls of blank paper an uncursed scroll of confuse monster a blessed scroll of create monster 4 uncursed scrolls of create monster a blessed scroll of destroy armor a blessed scroll of earth an uncursed scroll of earth an uncursed scroll of light an uncursed scroll of magic mapping a blessed scroll of teleportation 3 uncursed scrolls of teleportation an uncursed potion of booze an uncursed potion of gain ability a blessed potion of gain energy an uncursed potion of gain level an uncursed potion of hallucination an uncursed potion of healing 2 potions of holy water an uncursed potion of levitation an uncursed potion of oil 2 uncursed potions of restore ability an uncursed ring of conflict an uncursed ring of fire resistance an uncursed -1 ring of increase damage a cursed -1 ring of increase damage an uncursed ring of poison resistance an uncursed ring of see invisible an uncursed ring of see invisible an uncursed ring of sustain ability an uncursed wand of cold (0:5) an uncursed wand of digging (0:5) an uncursed wand of light (0:14) an uncursed wand of polymorph (0:5) an uncursed wand of secret door detection (0:6) an uncursed wand of speed monster (0:3) an uncursed wand of undead turning (0:4) an uncursed wand of wishing (0:2) an uncursed brass lantern (0:1075) an uncursed bugle an uncursed mirror 7 uncursed tallow candles (0:200) an uncursed +0 unicorn horn an uncursed agate stone 2 uncursed worthless pieces of black glass 3 uncursed worthless pieces of green glass an uncursed worthless piece of orange glass an uncursed worthless piece of white glass 2 uncursed worthless pieces of yellow glass an uncursed worthless piece of yellowish brown glass Spells and supernatural/magical abilities: Name Level Category Fail Memory k - knock 1 matter 100% 45% W - pray for help -- divine ? -- Your skills at the end: Fighting Skills bare handed combat [Basic] Weapon Skills axe [Expert] short sword [Basic] Spellcasting Skills Final Attributes: You were piously aligned. You were fire resistant. You were cold resistant. You were sleep resistant. You were shock resistant. You were poison resistant. You saw invisible. You were telepathic. You had infravision. You were invisible to others. You were stealthy. You were levitating. You were protected. You were fast. You were unlucky. You are dead. Vanquished creatures: Medusa a storm giant a titan a gray dragon a silver dragon a white dragon an orange dragon 2 minotaurs 2 demiliches 4 stone golems a baby orange dragon 2 guardian nagas a lich 2 lurkers above an Aleax a golden naga a vampire 6 ghosts a lieutenant 4 giant mimics a zruty a fire giant 2 ogre kings 2 umber hulks a doppelganger 6 large mimics a wumpus a couatl 2 stalkers 2 air elementals an earth elemental a water elemental a black naga a giant zombie an elf-lord 2 sergeants 5 wargs 4 small mimics 2 xans 2 ettin mummies an ogre lord 2 trolls a sasquatch a shark 3 electric eels 4 gelatinous cubes a large dog a freezing sphere a flaming sphere a shocking sphere a gargoyle a dwarf king 2 ochre jellies a leocrotta a mountain centaur 6 stone giants 2 human mummies 2 red nagas a pit viper a python 2 cobras 4 wraiths a carnivorous ape 2 ettin zombies a Grey-elf 33 soldiers 3 chameleons 10 cockatrices 4 wolves a winter wolf cub 4 gremlins 3 leprechauns 2 iron piercers 3 scorpions a horse 2 black lights a vampire bat a gnome king 3 orc mummies 2 dwarf mummies an ogre 5 rust monsters 2 owlbears 2 yetis 2 gold golems 2 giant eels 3 lizards 2 chickatrices 2 dogs a dingo 2 jaguars 2 dwarf lords a blue jelly a white unicorn a black unicorn 2 dust vortices 3 ravens 2 plains centaurs 2 gnome mummies a snake 4 human zombies 3 rope golems 5 Woodland-elves 5 soldier ants a fire ant an imp 2 wood nymphs a mountain nymph 3 Mordor orcs an Uruk-hai 3 rock piercers a rock mole 2 fog clouds 2 yellow lights 5 shriekers a violet fungus 13 gnome lords 3 gnomish wizards a kobold mummy a golden naga hatchling 2 guardian naga hatchlings a gray ooze 9 elf zombies 4 ghouls 2 straw golems 4 paper golems 2 jellyfish a baby crocodile 10 giant ants 5 floating eyes 3 kittens 9 dwarves a kobold lord a kobold shaman 3 hill orcs 7 rothes 2 rabid rats 3 centipedes 3 giant bats 2 monkeys 4 orc zombies 4 dwarf zombies a werejackal 6 iguanas 16 killer bees 5 acid blobs 8 coyotes 3 gas spores 7 hobbits 6 large kobolds 3 giant rats 5 cave spiders 2 brown molds 6 yellow molds 4 green molds 2 red molds 26 gnomes 10 garter snakes 4 gnome zombies 3 geckos 7 jackals 4 foxes 3 kobolds a goblin 9 sewer rats 7 grid bugs 4 bats 9 lichens 3 kobold zombies 5 newts 539 creatures vanquished. Voluntary challenges: You had been an atheist until turn 2663. You used a wielded weapon 780 times, starting on turn 128. You read items or engraved 23 times, starting on turn 344. You never genocided any monsters. You polymorphed 1 item, starting on turn 3271. You changed form 2 times, starting on turn 10723. You used 1 wish, starting on turn 15288. You did not wish for any artifacts. You never split a pudding. You wrote Elbereth's name 1 time, starting on turn 14403. You violated your moral code, losing 171 points of alignment, starting on turn 6937. Dungeon overview: The Dungeons of Doom: levels 1 to 27 Level 1 a long staircase Level 2 Level 3 a bookstore stairs to The Gnomish Mines Level 4 some fountains Level 5 a weapon shop, a fountain Level 6 many fountains Level 7 (pick-axe) a bookstore stairs to Sokoban Level 8 (chest with a glass orb) a fountain Level 9 a temple to Mitra Level 10 Level 11 a fountain Level 12 (Quest, big room) a magic portal Level 13 some altars to Set Level 14 Level 15 Level 16 ( ) Level 17 a fountain Level 18 Level 19 a temple to Mitra, a fountain Level 20 Level 21 a scroll shop Level 22 Level 23 (Dusa) Level 24 Level 25 Level 26 Level 27 <- You were here a fountain Gehennom: Level 28 stairs to The Dungeons of Doom The Gnomish Mines: levels 4 to 7 Level 4 stairs to The Dungeons of Doom Level 5 Level 6 Level 7 some shops, a temple to Set, some fountains Sokoban: levels 3 to 6 Level 3 Level 4 Level 5 Level 6 stairs to The Dungeons of Doom History has recorded: On T:1 you entered the Dungeons of Doom to retrieve the Amulet of Yendor! On T:211 you reached level 2 of The Dungeons of Doom. On T:396 you reached level 3 of The Dungeons of Doom. On T:524 you advanced to experience level 2. On T:628 you advanced to experience level 3. On T:680 you advanced to experience level 4. On T:699 you reached level 4 of The Dungeons of Doom. On T:745 you reached level 1 of The Gnomish Mines. On T:910 you advanced to experience level 5. On T:1134 you reached level 2 of The Gnomish Mines. On T:1685 you reached level 3 of The Gnomish Mines. On T:1976 you advanced to experience level 6. On T:2019 you reached level 4 of The Gnomish Mines. On T:2860 you advanced to experience level 7. On T:2914 you received Cleaver from Set. On T:3819 you reached level 5 of The Dungeons of Doom. On T:4044 you reached level 6 of The Dungeons of Doom. On T:4269 you reached level 7 of The Dungeons of Doom. On T:4444 you reached level 8 of The Dungeons of Doom. On T:4591 you reached level 4 of Sokoban. On T:4867 you reached level 3 of Sokoban. On T:5524 you advanced to experience level 8. On T:5550 you reached level 2 of Sokoban. On T:5898 you reached level 1 of Sokoban. On T:7583 you reached level 9 of The Dungeons of Doom. On T:7671 you reached level 10 of The Dungeons of Doom. On T:7998 you reached level 11 of The Dungeons of Doom. On T:8288 you reached level 12 of The Dungeons of Doom. On T:8340 you advanced to experience level 9. On T:9142 you reached level 13 of The Dungeons of Doom. On T:9233 you reached level 14 of The Dungeons of Doom. On T:9803 you reached level 15 of The Dungeons of Doom. On T:10034 you reached level 16 of The Dungeons of Doom. On T:10542 you reached level 17 of The Dungeons of Doom. On T:10645 you reached level 18 of The Dungeons of Doom. On T:10937 you reached level 19 of The Dungeons of Doom. On T:11003 you advanced to experience level 10. On T:11533 you reached level 20 of The Dungeons of Doom. On T:11763 you reached level 21 of The Dungeons of Doom. On T:11801 you reached level 22 of The Dungeons of Doom. On T:12294 you reached level 23 of The Dungeons of Doom. On T:12524 you advanced to experience level 11. On T:12817 you killed Medusa on level 23 of The Dungeons of Doom. On T:13801 you advanced to experience level 12. On T:13903 you advanced to experience level 13. On T:14298 you reached level 25 of The Dungeons of Doom. On T:14339 you reached level 26 of The Dungeons of Doom. On T:14362 you reached The Castle. On T:15214 you reached The Valley of the Dead. On T:15288 you wished for "blessed fixed greased +2 speed boots". Score breakdown: Gold: 1897 (11151 points) Experience: 13 levels (19298 points) Exploration: 28 levels ( 59.57%) (22983 points) Discoveries: 69 items ( 28.16%) (15920 points) Valuables value: (no points given unless you survive) Artifact value: 1500 (10804 points) Variety of kills: 170 monsters ( 44.62%) (20039 points) Turncount: 15495 turns (-3025 points) Survival: died (score multiplied by 80%) Total score: 77736 Latest messages: You see here a gray dragon corpse. Suddenly, the hill orc disappears out of sight. The hill orc bumps right into you! (2x) Suddenly, the hill orc disappears out of sight. (3x) You start equipping your pair of levitation boots. You take off your pair of speed boots. You feel yourself slow down slightly. Your oil lamp has gone out. You are now wearing a pair of levitation boots. You start to float in the air! A trap door opens up under you! You don't fall in. The red naga screams! You smite the red naga! You kill the red naga! The frost giant gets angry! You smite the frost giant! (2x) The frost giant zaps a spiked wand! The death ray hits you! Final status: Goodbye GagarinX the Barbarian, killed by a death ray... You died in The Dungeons of Doom on dungeon level 27 with 77736 points, and 1897 pieces of gold, after 15495 moves. You were level 13 with a maximum of 121 hit points when you died.